 Dungeon Crawl Stone Soup version 0.26-a0-710-g95a0c6c400 (webtiles) character file.

Game seed: 3800583460738191275

47 Glokmah the Poker (level 3, -1/28 HPs)
             Began as a Gnoll Wanderer on Oct 30, 2020.
             Slain by Sigmund
             ... wielding a +0 scythe
              (6 damage)
             ... on level 2 of the Dungeon.
             The game lasted 00:03:07 (1042 turns).

Glokmah the Poker (Gnoll Wanderer)                  Turns: 1042, Time: 00:03:07

Health: -1/28      AC:  3    Str: 15    XL:     3   Next: 70%
Magic:  8/9        EV: 11    Int: 14    God:
Gold:   37         SH:  4    Dex: 14    Spells: 11/12 levels left

rFire    . . .     SeeInvis .   a - +0 spear
rCold    . . .     Faith    .   c - +0 buckler
rNeg     . . .     Spirit   .   g - +0 leather armour
rPois    .         Reflect  .   (no helmet)
rElec    .         Harm     .   (no cloak)
rCorr    .         Rampage  .   (no gloves)
MR       .....                  (no boots)
Stlth    ++........             (no amulet)
HPRegen  0.09/turn              (no ring)
MPRegen  0.11/turn              (no ring)

@: no status effects
A: distributed training, fangs 1, strong nose
a: no special abilities


You were on level 2 of the Dungeon.
You visited 1 branch of the dungeon, and saw 2 of its levels.

You collected 37 gold pieces.

Inventory:

Hand Weapons
 a - a +0 spear (weapon)
 d - a +2 short sword of speed
Missiles
 b - 36 poisoned darts (quivered)
Armour
 c - a +0 buckler (worn)
 g - a +0 leather armour (worn)


   Skills:
 + Level 2.6 Fighting
 + Level 0.9 Short Blades
 + Level 0.9 Long Blades
 + Level 0.9 Axes
 + Level 0.9 Maces & Flails
 + Level 6.5 Polearms
 + Level 0.9 Staves
 + Level 0.9 Slings
 + Level 0.9 Bows
 + Level 0.9 Crossbows
 + Level 0.9 Throwing
 + Level 0.9 Armour
 + Level 0.9 Dodging
 + Level 2.4 Stealth
 + Level 2.6 Shields
 + Level 0.9 Unarmed Combat
 + Level 5.0 Spellcasting
 + Level 0.6 Conjurations
 + Level 2.1 Hexes
 + Level 0.6 Summonings
 + Level 0.6 Necromancy
 + Level 0.6 Translocations
 + Level 0.6 Transmutations
 + Level 0.6 Fire Magic
 + Level 0.6 Ice Magic
 + Level 0.6 Air Magic
 + Level 0.6 Earth Magic
 + Level 0.6 Poison Magic
 + Level 1.0 Invocations
 + Level 2.6 Evocations


You had 11 spell levels left.
You knew the following spells:

 Your Spells              Type           Power        Failure   Level
a - Corona                Hex            #......      11%         1

Your spell library contained the following spells:

 Spells                   Type           Power        Failure   Level
 Ensorcelled Hibernation  Hex/Ice        #.....       22%         2
 Confusing Touch          Hex            #.......     30%         3
 Tukima's Dance           Hex            #.......     30%         3
 Dazzling Flash           Conj/Hex       #.....       41%         3


Dungeon Overview and Level Annotations

Branches:
Dungeon (2/15)

Altars:
Elyvilon
Xom

Annotations:
D:2 Sigmund


Innate Abilities, Weirdness & Mutations

Your experience applies equally to all skills.
You have very sharp teeth.
Your uncanny sense of smell can sniff out nearby items.


Message History

Sigmund is lightly wounded.
The adder bites you.
* * * LOW HITPOINT WARNING * * *
The hobgoblin barely misses you.
Attack whom?
Press: ? - help, Dir - move target cursor, f/p - Sigmund
Aim: Sigmund, wielding a +0 scythe and wearing a +0 robe (lightly wounded, softly glowing)
You reach to attack!
You hit Sigmund.
Sigmund is moderately wounded.
The adder barely misses you. You block Sigmund's attack.
Attack whom?
Press: ? - help, Dir - move target cursor, f/p - Sigmund
Aim: Sigmund, wielding a +0 scythe and wearing a +0 robe (moderately wounded, softly glowing)
You reach to attack!
You hit Sigmund.
Sigmund is moderately wounded.
The adder barely misses you. The hobgoblin closely misses you.
You block the adder's attack.
Sigmund says, "Don't worry, I'll kill you fast."
Sigmund hits you from afar with a +0 scythe.
You die...

#.###..#######
#............#
#.....†......###
#..............#
#..............# #
##..............# #..
#...............#
#....##........########
#.(..@.@.......#
#......Sg........
#.............#..
####.......#### ∆
#...w...# #.......#
........# .......###


You could see Sigmund (corona), a worm, an adder and a hobgoblin.

Vanquished Creatures
  An adder (D:2)
  An ooze (D:2)
  A leopard gecko (D:1)
  7 bats
  A giant cockroach (D:1)
  4 goblins
  4 hobgoblins
  4 kobolds
  7 frilled lizards
  3 rats (D:1)
33 creatures vanquished.

Notes
Turn   | Place    | Note
-------+----------+-------------------------------------------
     0 | D:1      | Glokmah the Gnoll Wanderer began the quest for the Orb.
     0 | D:1      | Glokmah set off with the following items: a +0 spear, a +0
                  | buckler, a +0 robe; and the following spell memorised:
                  | Corona; and the following spells available to memorise:
                  | Ensorcelled Hibernation, Confusing Touch, Tukima's Dance,
                  | Dazzling Flash
     0 | D:1      | Reached XP level 1. HP: 17/17 MP: 6/6
   445 | D:1      | Reached XP level 2. HP: 23/23 MP: 7/7
   522 | D:1      | Found an ancient bone altar of Kikubaaqudgha.
   530 | D:1      | Found a snail-covered altar of Cheibriados.
   530 | D:1      | Found a shimmering altar of Xom.
   532 | D:1      | Found a blossoming altar of Fedhas.
   532 | D:1      | Found a blossoming altar of Fedhas.
   532 | D:1      | Found a radiant altar of Vehumet.
   903 | D:2      | Reached XP level 3. HP: 28/28 MP: 9/9
   915 | D:2      | Reached skill level 5 in Spellcasting
   949 | D:2      | Found a white marble altar of Elyvilon.
   980 | D:2      | Reached skill level 1 in Invocations
  1032 | D:2      | Noticed Sigmund
  1042 | D:2      | Slain by Sigmund

Illustrated notes

Levels and vault maps discovered:
D:1:      dpeg_arrival_connections, layout_basic, kennysheep_nondescript,
          doesnt_xom_only_xom
D:2:      layout_basic, okawaru_ov_weapons_minmay, lemuel_doored_altar,
          grunt_ministairs_15, nicolae_qazlal_general_emergency, uniq_sigmund,
          uniq_robin

Skill      XL: |  1  2  3 |
---------------+----------+-----
Hexes          | 2 |  2.1
Spellcasting   | 5 |  5.0
Invocations    | 1 |  1.0
Fighting       | |  2.6
Short Blades   | |  0.9
Long Blades    | |  0.9
Axes           | |  0.9
Maces & Flails | |  0.9
Polearms       | |  6.5
Staves         | |  0.9
Slings         | |  0.9
Bows           | |  0.9
Crossbows      | |  0.9
Throwing       | |  0.9
Armour         | |  0.9
Dodging        | |  0.9
Stealth        | |  2.4
Shields        | |  2.6
Unarmed Combat | |  0.9
Conjurations   | |  0.6
Summonings     | |  0.6
Necromancy     | |  0.6
Translocations | |  0.6
Transmutations | |  0.6
Fire Magic     | |  0.6
Ice Magic      | |  0.6
Air Magic      | |  0.6
Earth Magic    | |  0.6
Poison Magic   | |  0.6
Evocations     | |  2.6

Action                   || total
-------------------------++-------
Melee: Spear             ||   120
       Bite              ||     5
Throw: Dart              ||     2
 Cast: Corona            ||     1
  Use: Scroll            ||     3
 Stab: Sleeping          ||     7
Armor: Robe              ||     1
       Leather armour    ||    16
Dodge: Dodged            ||    37
Block: Buckler           ||    19

Table legend: (Time is in decaauts)
 A = Elapsed time spent in this place.
 B = Non-inter-level travel time spent in this place.
 C = Inter-level travel time spent in this place.
 D = Time resting spent in this place.
 E = Time spent auto-exploring this place.
 F = Levels seen in this place.
 G = Mean time per level.
                   A        B        C        D        E       F      G
               +--------+--------+--------+--------+--------+-----+--------+
         Total |   1017 |    953 |     64 |    205 |    362 |   2 |  508.5 |
       Dungeon |   1017 |    953 |     64 |    205 |    362 |   2 |  508.5 |
               +--------+--------+--------+--------+--------+-----+--------+

Top non-repeatable levels by time:
     D:1: 878 daAuts
     D:2: 139 daAuts
